 Dungeon Crawl Stone Soup version 0.28-a0-973-ga7f8b01127 (webtiles) character file.

Game seed: 15806799459733771331

56 cheechan the Chiller (level 3, 0/22 HPs)
             Began as an Octopode Ice Elementalist on Dec 1, 2021.
             Slain by a worm (11 damage)
             ... on level 3 of the Dungeon.
             The game lasted 00:08:59 (2666 turns).

cheechan the Chiller (Octopode Ice Elementalist)    Turns: 2666, Time: 00:09:00

Health: 0/22       AC:  2    Str:  7    XL:     3   Next: 95%
Magic:  1/6        EV: 10    Int: 19    God:
Gold:   113        SH:  6    Dex: 12    Spells: 5/7 levels left

rFire   . . .      SeeInvis .   a - +0 short sword
rCold   . . .      Faith    .   j - +0 kite shield
rNeg    . . .      Spirit   .   l - +1 hat
rPois   .          Reflect  .   (no amulet)
rElec   .          Harm     .   (no ring)
rCorr   .          Rampage  .   (no ring)
Will    .....                   (no ring)
Stlth   +++.......              (no ring)
HPRegen 0.07/turn               (no ring)
MPRegen 0.10/turn               (no ring)
                                (no ring)
                                (no ring)

@: very slightly contaminated
A: almost no armour, amphibious, 8 rings, camouflage 1, gelatinous body 1,
(nimble swimmer 1), tentacles
a: no special abilities


You were on level 3 of the Dungeon.
You visited 1 branch of the dungeon, and saw 3 of its levels.

You collected 113 gold pieces.

Inventory:

Hand Weapons
 a - a +0 short sword (weapon)
Missiles
 d - 33 sling bullets
 h - 24 bolts
Armour
 j - a +0 kite shield (worn)
 l - a +1 hat (worn)
Potions
 b - a potion of mutation {unknown}
 c - a potion of degeneration {unknown}
 e - a potion of curing {unknown}
 f - a potion of invisibility {unknown}
 g - 2 potions of attraction
 i - a potion of ambrosia {unknown}
 k - a potion of heal wounds {unknown}


   Skills:
 + Level 0.5 Fighting
 + Level 0.1 Short Blades
 + Level 2.1 Dodging
 + Level 3.3 Stealth
 + Level 2.6 Spellcasting
 + Level 4.6 Ice Magic


You had 5 spell levels left.
You knew the following spells:

 Your Spells              Type           Power      Damage    Failure   Level
a - Freeze                Ice            80%        1d9       17%         1
x - Foxfire               Conj/Fire      8%         2x1d4     75%         1

Your spell library contained the following spells:

 Spells                   Type           Power      Damage    Failure   Level
 Frozen Ramparts          Ice            40%        1d6       45%         3
 Ozocubu's Armour         Ice            20%        N/A       45%         3
 Scorch                   Fire           4%         2d5       86%         2
 Conjure Flame            Conj/Fire      2%         6-21      98%         3
 Hailstorm                Conj/Ice       11%        3d5       99%         4


Dungeon Overview and Level Annotations

Branches:
Dungeon (3/15)

Altars:


Innate Abilities, Weirdness & Mutations

You cannot wear most types of armour.
You are amphibious.
You can wear up to eight rings at the same time.
Your skin changes colour to match your surroundings (Stealth+).
Your rubbery body absorbs attacks. (AC +1, EV +1)
((You are camouflaged near water. (Stealth+)))
You have tentacles for arms and can constrict up to eight enemies at once.


Message History

Aiming: Freeze (safe; 17% risk of failure)
Press: ? - help, Shift-Dir - straight line, f - worm
Aim: a worm You freeze the worm.
The worm is lightly wounded.
Unknown command.
Casting: Freeze (safe; 17% risk of failure)
Confirm with . or Enter, or press ? or * to list all spells.
Aiming: Freeze (safe; 17% risk of failure)
Press: ? - help, Shift-Dir - straight line, f/p - worm
Aim: a worm (lightly wounded)
You freeze the worm.
The worm is moderately wounded.
The worm closely misses you.
Unknown command.
Casting: Freeze (safe; 17% risk of failure)
Confirm with . or Enter, or press ? or * to list all spells.
Aiming: Freeze (safe; 17% risk of failure)
Press: ? - help, Shift-Dir - straight line, f/p - worm
Aim: a worm (lightly wounded)
You freeze the worm.
The worm is moderately wounded.
Unknown command.
Casting: Freeze (safe; 17% risk of failure)
Confirm with . or Enter, or press ? or * to list all spells.
Aiming: Freeze (safe; 17% risk of failure)
Press: ? - help, Shift-Dir - straight line, f/p - worm
Aim: a worm (moderately wounded)
You miscast Freeze.
Nothing appears to happen.
The adder hisses angrily.
The worm bites you!
Ouch! That really hurt!
You hit the worm. You grab the worm.
The worm is moderately wounded.
You constrict the worm. The worm barely misses you.
You hit the worm but do no damage. You squeeze the worm.
The worm is heavily wounded.
You constrict the worm. The worm bites you!
Ouch! That really hurt!
You die...

#..#
..#
..#
...
#r# ##
#S# ..
#w# .#
#@# .#
#.##.#
#..<.#
####.#
...
####


You could see a worm, an adder and a quokka.

Vanquished Creatures
  2 adders (D:2)
  A dart slug (D:1)
  A worm (D:2)
  3 endoplasms
  A giant cockroach (D:2)
  2 goblins (D:1)
  8 hobgoblins
  3 quokkas
  A ball python (D:1)
  A frilled lizard (D:1)
  7 kobolds
  3 rats (D:1)
33 creatures vanquished.

Vanquished Creatures (others)
  3 foxfires (D:2)
  3 plants (D:2)
  3 withered plants (D:2)
9 creatures vanquished.

Grand Total: 42 creatures vanquished

Notes
Turn   | Place    | Note
-------+----------+-------------------------------------------
     0 | D:1      | cheechan the Octopode Ice Elementalist began the quest for
                  | the Orb.
     0 | D:1      | Reached XP level 1. HP: 11/11 MP: 3/3
   497 | D:1      | Reached XP level 2. HP: 18/18 MP: 1/5
  1501 | D:2      | Got Kuluuppe's Disquisition on Heat
  1504 | D:2      | Learned a level 1 spell: Foxfire
  1520 | D:2      | Reached XP level 3. HP: 22/22 MP: 3/6
  1780 | D:2      | Found a faded altar of an unknown god.
  2666 | D:3      | Slain by a worm

Illustrated notes

Levels and vault maps discovered:
D:1:      dpeg_arrival_simpleton_c, layout_rooms, serial_co_window_serial,
          co_window_paths_b, co_window_corner_a, co_window_of_opportunity_a,
          co_window_paths_b, co_window_paths_a, co_window_2corner,
          co_window_broadway_b, co_window_broadway_a, co_window_4corner_a,
          co_window_sun
D:2:      layout_loops_corners, shapermc_ecumenical_altar_flowoftime
D:3:      layout_loops_ring, minmay_shallow_snake_nest

Skill      XL: |  1 |
---------------+----+-----
Stealth        | 3 |  3.3
Fighting       | |  0.5
Short Blades   | |  0.1
Dodging        | |  2.1
Spellcasting   | |  2.6
Ice Magic      | |  4.6

Action                   || total
-------------------------++-------
Melee: Unarmed           ||     3
       Constrict         ||    14
       Short sword       ||    39
       Tentacles         ||     8
 Cast: Freeze            ||    34
       Foxfire           ||     3
  Use: Scroll            ||     3
 Stab: Sleeping          ||     5
Armor: Skin              ||     5
Dodge: Dodged            ||    22
Block: Kite shield       ||     2

Table legend: (Time is in decaauts)
 A = Elapsed time spent in this place.
 B = Non-inter-level travel time spent in this place.
 C = Inter-level travel time spent in this place.
 D = Time resting spent in this place.
 E = Time spent auto-exploring this place.
 F = Levels seen in this place.
 G = Mean time per level.
                   A        B        C        D        E       F      G
               +--------+--------+--------+--------+--------+-----+--------+
         Total |   2672 |   2672 |      0 |    539 |      0 |   3 |  890.7 |
       Dungeon |   2672 |   2672 |      0 |    539 |      0 |   3 |  890.7 |
               +--------+--------+--------+--------+--------+-----+--------+

Top non-repeatable levels by time:
     D:1: 1495 daAuts
     D:2: 1165 daAuts
     D:3: 11 daAuts
